 Dungeon Crawl Stone Soup version 0.17-a0-1882-g750edc8 (webtiles) character file.

1771 4thArraOfDagon the Cleaver (level 9, 0/69 HPs)
             Began as a Human Berserker on Sept 22, 2015.
             Was a Believer of Trog.
             Slain by a killer bee (6 damage)
             ... on level 7 of the Dungeon.
             The game lasted 00:12:51 (2330 turns).

4thArraOfDagon the Cleaver (Human Berserker)        Turns: 2330, Time: 00:12:51

Health: 0/69       AC: 17    Str: 20    XL:     9   Next: 28%
Magic:  10/10      EV:  3    Int:  4    God:    Trog [**....]
Gold:   40         SH:  0    Dex: 14    Spells: 0 memorised, 8 levels left

rFire  + . .     SeeInvis .     l - +0 war axe (chop)
rCold  + . .     Clarity  .     k - +0 gold dragon armour
rNeg   . . .     SustAt   .     (no shield)
rPois  +         Gourm    .     (no helmet)
rElec  .         Spirit   .     (no cloak)
rCorr  .         Warding  .     o - +0 pair of gloves
rMut   .         Stasis   .     n - +0 pair of boots (curse)
MR     ++...                    (no amulet)
Stlth  ..........               (no ring)
                                v - -3 ring of intelligence (curse)

@: exhausted, regenerating, slowed, very slow, very resistant to hostile
enchantments, extremely unstealthy
A: no striking features
a: Burn Spellbooks, Berserk, Trog's Hand, Renounce Religion


You were on level 7 of the Dungeon.
You worshipped Trog.
Trog was pleased with you.
You were very hungry.

You visited 1 branch of the dungeon, and saw 8 of its levels.
You also visited: Ossuary.

You collected 250 gold pieces.
You spent 210 gold pieces at shops.

Inventory:

Hand weapons
 l - a +0 war axe of chopping (weapon)
 q - a +0 battleaxe
Armour
 k - a +0 gold dragon armour (worn)
 n - a cursed +0 pair of boots (worn)
 o - a +0 pair of gloves (worn)
Magical staves
 m - an uncursed staff of death {unknown}
Jewellery
 v - a cursed -3 ring of intelligence (left hand)
Magical devices
 a - a wand of random effects (27)
 b - a wand of teleportation (5)
 g - a wand of random effects (39)
 s - a wand of flame (17)
 u - a wand of disintegration (11)
 y - a wand of draining (6)
Scrolls
 j - 4 scrolls of remove curse
Potions
 d - a potion of invisibility
 e - 4 potions of might
 i - 2 potions of degeneration
 p - a potion of ambrosia {unknown}
 r - a potion of beneficial mutation {unknown}
 w - a potion of flight {unknown}
 z - a potion of haste
Books
 x - a book of Flames

   Spells                             Type                      Level
   a - Flame Tongue                   Conjuration/Fire             1
   b - Throw Flame                    Conjuration/Fire             2
   c - Conjure Flame                  Conjuration/Fire             3
   d - Inner Flame                    Hexes/Fire                   3
   e - Sticky Flame                   Conjuration/Fire             4
   f - Fireball                       Conjuration/Fire             5
   Trog disapproves of the use of such an item.
Comestibles
 c - 2 bread rations
 f - 3 meat rations


   Skills:
 + Level 6.2 Fighting
 * Level 8.5 Axes
 + Level 5.7 Armour
 - Level 2.0 Dodging
 + Level 2.2 Evocations


You had 8 spell levels left.
You didn't know any spells.

Dungeon Overview and Level Annotations

Branches:
Dungeon (8/15)             Temple (0/1) D:4
   Lair: D:8-11

Altars:
Dithmenos
Xom
Zin
The Shining One

Shops:
D:7 !

Annotations:
D:3 Sigmund


Message History

You miss the killer bee.
The killer bee is almost dead.
The killer bee stings you but does no damage.
The orc hits you but does no damage.
The killer bee stings you but does no damage.
The orc hits you but does no damage. x2
The killer bee completely misses you.
All of the chunks of flesh in your inventory have rotted away.
Unknown command.
Unknown command.
You miss the killer bee.
The killer bee is almost dead.
The killer bee stings you.
* * * LOW HITPOINT WARNING * * *
The orc hits you but does no damage.
The killer bee stings you but does no damage.
The orc hits you from afar with a trident.
* * * LOW HITPOINT WARNING * * *
The killer bee stings you.
You die...

## #....#.# #....#.#
#.## ######....#.# ...#
.).[........# #...###
......##.#### ......#
......##.# .......
.........####### o.....!
...............##)....#.
.........#####.#@).....#
..[[..#### #.y))o.....
...[..# ###.......#
...[).#### ##.....##
#........# #?..##
####.###.### .....
####.#?....# ..##.#
.....#.....# #.# .#
####.#.....#


You could see a killer bee and 2 orcs.

Vanquished Creatures
  An orc warrior (D:7)
  2 ice beasts
  3 ogres
  An elf zombie (Ossuary)
  A giant frog (D:6)
  A scorpion (D:5)
  5 killer bees (D:7)
  9 wights (D:7)
  A jelly (D:7)
  3 orc priests
  An iguana (D:4)
  4 orc wizards
  2 worker ants
  2 mummies (Ossuary)
  A worker ant zombie (D:7)
  2 adders (D:4)
  3 gnolls (D:6)
  3 shadow imps
  An ooze (D:7)
  An adder skeleton (D:7)
  13 orcs
  A bat (D:1)
  3 giant cockroaches
  3 hobgoblins (D:1)
  4 jackals (D:1)
  3 kobolds (D:1)
  4 quokkas
  A giant gecko (D:6)
  4 giant newts
  A goblin (D:1)
  8 hobgoblin zombies (Ossuary)
  10 kobold zombies (Ossuary)
  6 orc zombies (Ossuary)
  7 rats
  3 rat zombies (Ossuary)
118 creatures vanquished.

Notes
Turn   | Place    | Note
--------------------------------------------------------------
     0 | D:1      | 4thArraOfDagon the Human Berserker began the quest for the Orb.
     0 | D:1      | Reached XP level 1. HP: 18/18 MP: 1/1
    52 | D:1      | Reached XP level 2. HP: 24/24 MP: 2/2
   223 | D:1      | Acquired Trog's second power
   261 | D:1      | Reached XP level 3. HP: 19/29 MP: 3/3
   447 | D:4      | Found a shadowy altar of Dithmenos.
   453 | D:4      | Found a shimmering altar of Xom.
   590 | D:4      | Found a staircase to the Ecumenical Temple.
   638 | D:3      | Noticed Sigmund
   652 | D:4      | Reached skill level 4 in Axes
   652 | D:4      | Reached XP level 4. HP: 36/36 MP: 4/4
   828 | D:5      | Entered Level 5 of the Dungeon
   832 | D:5      | Reached XP level 5. HP: 42/42 MP: 5/5
   888 | D:5      | Noticed an ice beast
   957 | D:5      | Noticed an ogre
  1114 | D:5      | Killed an ogre
  1114 | D:5      | Reached skill level 5 in Axes
  1114 | D:5      | Reached XP level 6. HP: 48/48 MP: 6/6
  1210 | D:5      | Found a sand-covered staircase.
  1215 | Ossuary  | Entered an ossuary
  1350 | Ossuary  | Reached XP level 7. HP: 41/55 MP: 7/7
  1492 | D:5      | Found a glowing golden altar of the Shining One.
  1501 | D:5      | Killed an ice beast
  1509 | D:5      | Found a shadowy altar of Dithmenos.
  1587 | D:6      | Reached skill level 6 in Axes
  2040 | D:7      | Reached skill level 5 in Fighting
  2040 | D:7      | Reached XP level 8. HP: 60/62 MP: 8/8
  2063 | D:7      | Reached skill level 7 in Axes
  2124 | D:7      | Reached skill level 5 in Armour
  2173 | D:7      | Found a glowing silver altar of Zin.
  2200 | D:7      | Found Vast's Distillery.
  2204 | D:7      | Bought a potion of haste for 150 gold pieces
  2204 | D:7      | Bought a potion of might for 60 gold pieces
  2303 | D:7      | Reached skill level 8 in Axes
  2303 | D:7      | Reached skill level 1 in Evocations
  2304 | D:7      | Reached XP level 9. HP: 65/69 MP: 9/9
  2330 | D:7      | Slain by a killer bee

Vault maps used:
D:1:      lemuel_arrival_rhombus, st_stairs_13, minmay_misc_feat_alley,
          hangedman_decor_opposing, minmay_crystal_water
D:2:      minmay_box_of_dots, uniq_natasha
D:3:      first_bread, uniq_sigmund, uniq_grinder
D:4:      xom_butterflies, minmay_temple_entry_statues_pillars,
          nicolae_dithmenos_shadow_blocks
D:5:      lemuel_round_altar, tso_metal_star, enter_ossuary_2
D:6:      elyvilon_altar_4
D:7:      zin_academy, serial_shops, nicolae_shop_trees
D:8:      grunt_temple_overflow_opulence, serial_shops, shop, david_nohive_1
Ossuary:  ossuary_tomb_1

Action                   |  1- 3 |  4- 6 |  7- 9 || total
-------------------------+-------+-------+-------++-------
Melee: Hand axe          |    31 |       |       ||    31
       War axe           |    26 |    82 |   135 ||   243
Invok: Berserk           |     4 |     4 |     6 ||    14
       Trog's Hand       |       |     1 |     7 ||     8
Evoke: Wand              |       |       |     2 ||     2
  Use: Scroll            |     4 |     6 |     3 ||    13
       Potion            |       |       |     6 ||     6
  Eat: Chunk             |     1 |     6 |     5 ||    12
       Pizza             |     1 |       |       ||     1
       Beef jerky        |       |     1 |       ||     1
       Bread ration      |       |       |     1 ||     1
